TOP OF THE 1ST |
Connecticut Tigers batting - Pitching for Lowell Spinners : RHP Victor Escobar
|
Pitching: RHP Victor Escobar
|
|
Batting: LHB Jeff Trapp
|
0-0: Ground out 6-3 (Groundball, 6, EV 111.9 MPH)
|
Batting: RHB John Welch
|
0-0: Called Strike 0-1: Foul Ball, location: 2F 0-2: Ground out 5-3 (Groundball, 5, EV 80.6 MPH)
|
Batting: LHB Gabe Mendez
|
0-0: Foul Ball, location: 2F 0-1: Swinging Strike 0-2: Ground out 1-3 (Groundball, 23, EV 61.9 MPH)
|
Top of the 1st over - 0 runs, 0 hits, 0 errors, 0 left on base; Connecticut 0 - Lowell 0 |
BOTTOM OF THE 1ST |
Lowell Spinners batting - Pitching for Connecticut Tigers : RHP Eddie Hodgson
|
Pitching: RHP Eddie Hodgson
|
|
Batting: RHB Nick Cottrell
|
0-0: Ball 1-0: Called Strike 1-1: Foul Ball, location: 2F 1-2: SINGLE (Line Drive, 6MD, EV 96.2 MPH)
|
Batting: RHB William Lung
|
0-0: Ball 1-0: Called Strike 1-1: Ball 2-1: Swinging Strike 2-2: Ball Nick Cottrell steals 2nd, throwing error, E2 Nick Cottrell to third 3-2: Foul Ball, location: 2F 3-2: Base on Balls
|
Batting: LHB Nelis Geurts
|
0-0: Ball 1-0: Fielders Choice at 2nd, 6-4 (Groundball, 6, EV 97.5 MPH) Nick Cottrell scores
|
Batting: RHB Matt Hinkle
|
0-0: Ball Nelis Geurts is caught stealing 2nd base 2-4 1-0: Called Strike 1-1: Ball 2-1: SINGLE (Line Drive, 7, EV 90.0 MPH)
|
Batting: LHB Danny Montoya
|
0-0: Called Strike Matt Hinkle steals 2nd base 0-1: Foul Ball, location: 2F 0-2: Ground out U3 (Groundball, 34S, EV 81.2 MPH)
|
Bottom of the 1st over - 1 run, 2 hits, 1 error, 1 left on base; Connecticut 0 - Lowell 1 |
TOP OF THE 2ND |
Connecticut Tigers batting - Pitching for Lowell Spinners : RHP Victor Escobar
|
Batting: RHB Eric Blaha
|
0-0: Foul Ball, location: 2F 0-1: Ball 1-1: Swinging Strike 1-2: Ball 2-2: Ball 3-2: Base on Balls
|
Batting: RHB Mike Sebastian
|
0-0: Called Strike 0-1: Ball 1-1: Ball Wild Pitch! Eric Blaha to second 2-1: Ball 3-1: Fly out, F8 (Line Drive, 78M, EV 103.1 MPH)
|
Batting: RHB Rocky Hart
|
0-0: Ball Eric Blaha steals 3rd base 1-0: Ball 2-0: Ball 3-0: Called Strike 3-1: Called Strike 3-2: Foul Ball, location: 2F 3-2: Fly out, F7 (Flyball, 78M, EV 83.8 MPH)
|
Batting: RHB Jeremy Guidone
|
0-0: Called Strike 0-1: Foul Ball, location: 2F 0-2: Foul Ball, location: 2F 0-2: Ball 1-2: Foul Ball, location: 2F 1-2: Strikes out swinging
|
Top of the 2nd over - 0 runs, 0 hits, 0 errors, 1 left on base; Connecticut 0 - Lowell 1 |
BOTTOM OF THE 2ND |
Lowell Spinners batting - Pitching for Connecticut Tigers : RHP Eddie Hodgson
|
Batting: RHB Billy Ratz
|
0-0: Ball 1-0: Reached on error, E4 (Flyball, 34D, EV 88.1 MPH)
|
Batting: RHB Ted Emmerich
|
0-0: Called Strike 0-1: Ball Billy Ratz steals 2nd, throwing error, E2 Billy Ratz to third 1-1: Swinging Strike 1-2: Ball 2-2: Strikes out swinging
|
Batting: RHB Mike Strey
|
0-0: Ball 1-0: Swinging Strike 1-1: Foul Ball, location: 2F 1-2: Ball 2-2: Strikes out swinging
|
Batting: RHB Erik Nunez
|
0-0: Ball 1-0: Called Strike 1-1: Called Strike 1-2: Ball Passed Ball! Billy Ratz scores 2-2: Strikes out swinging
|
Bottom of the 2nd over - 1 run, 0 hits, 2 errors, 0 left on base; Connecticut 0 - Lowell 2 |
TOP OF THE 3RD |
Connecticut Tigers batting - Pitching for Lowell Spinners : RHP Victor Escobar
|
Batting: RHB Brian Singer
|
0-0: Ball 1-0: Called Strike 1-1: Called Strike 1-2: Ground out 6-3 (Groundball, 56, EV 83.1 MPH)
|
Batting: SHB Dan Crutchfield
|
0-0: Foul Ball, location: 2F 0-1: Ball 1-1: Swinging Strike 1-2: Ball 2-2: Ground out 4-3 (Groundball, 4, EV 104.4 MPH)
|
Batting: LHB Jeff Trapp
|
0-0: Called Strike 0-1: Hit by Pitch
|
Batting: RHB John Welch
|
0-0: Ball Jeff Trapp is caught stealing 2nd base 2-4
|
Top of the 3rd over - 0 runs, 0 hits, 0 errors, 0 left on base; Connecticut 0 - Lowell 2 |
BOTTOM OF THE 3RD |
Lowell Spinners batting - Pitching for Connecticut Tigers : RHP Eddie Hodgson
|
Batting: RHB Nick Cottrell
|
0-0: Called Strike 0-1: Hit by Pitch
|
Batting: RHB William Lung
|
0-0: Called Strike 0-1: Ball 1-1: Ball 2-1: Fly out, F3 (Line Drive, 3, EV 67.5 MPH) Lined into DP, U3 (Line Drive, 3, EV 67.5 MPH)
|
Batting: LHB Nelis Geurts
|
0-0: Ball 1-0: Swinging Strike 1-1: Ball 2-1: Ground out 6-3 (Groundball, 56, EV 86.2 MPH)
|
Bottom of the 3rd over - 0 runs, 0 hits, 0 errors, 0 left on base; Connecticut 0 - Lowell 2 |
TOP OF THE 4TH |
Connecticut Tigers batting - Pitching for Lowell Spinners : RHP Victor Escobar
|
Batting: RHB John Welch
|
0-0: Ball 1-0: Foul Ball, location: 2F 1-1: Ground out 6-3 (Groundball, 6, EV 80.6 MPH)
|
Batting: LHB Gabe Mendez
|
0-0: Ball 1-0: Foul Ball, location: 2F 1-1: Ground out 4-3 (Groundball, 4, EV 80.0 MPH)
|
Batting: RHB Eric Blaha
|
0-0: Called Strike 0-1: Swinging Strike 0-2: Ball 1-2: Ball 2-2: SINGLE (Groundball, 6MD, EV 96.2 MPH)
|
Batting: RHB Mike Sebastian
|
0-0: Called Strike 0-1: Ball 1-1: Ball Eric Blaha steals 2nd base 2-1: Ball 3-1: Foul Ball, location: 2F 3-2: Foul Ball, location: 2F 3-2: Base on Balls
|
Batting: RHB Rocky Hart
|
0-0: Called Strike 0-1: Called Strike 0-2: Ball 1-2: Ground out 3-1 (Groundball, 34, EV 90.0 MPH)
|
Top of the 4th over - 0 runs, 1 hit, 0 errors, 2 left on base; Connecticut 0 - Lowell 2 |
BOTTOM OF THE 4TH |
Lowell Spinners batting - Pitching for Connecticut Tigers : RHP Eddie Hodgson
|
Batting: RHB Matt Hinkle
|
0-0: Ball 1-0: Called Strike 1-1: Ball 2-1: Foul Ball, location: 2F 2-2: Ball 3-2: Base on Balls
|
Batting: LHB Danny Montoya
|
0-0: Ball 1-0: Ball 2-0: Called Strike 2-1: DOUBLE (Line Drive, 7LS, EV 106.2 MPH) Matt Hinkle to third
|
Batting: RHB Billy Ratz
|
0-0: Called Strike 0-1: Swinging Strike 0-2: Ball 1-2: Fly out, F9 (Flyball, 9S, EV 94.4 MPH)
|
Batting: RHB Ted Emmerich
|
0-0: Ball 1-0: SINGLE (Groundball, 34, EV 103.8 MPH) Matt Hinkle scores Danny Montoya to third
|
Batting: RHB Mike Strey
|
0-0: Ball 1-0: Foul Ball, location: 2F 1-1: Ball 2-1: Called Strike Ted Emmerich steals 2nd base 2-2: Strikes out swinging
|
Batting: RHB Erik Nunez
|
0-0: Called Strike 0-1: Fly out, F4 (Flyball, 34D, EV 83.8 MPH)
|
Bottom of the 4th over - 1 run, 2 hits, 0 errors, 2 left on base; Connecticut 0 - Lowell 3 |
TOP OF THE 5TH |
Connecticut Tigers batting - Pitching for Lowell Spinners : RHP Victor Escobar
|
Batting: RHB Jeremy Guidone
|
0-0: Ball 1-0: SINGLE (Line Drive, 78M, EV 98.8 MPH)
|
Batting: RHB Brian Singer
|
0-0: Ball Jeremy Guidone is caught stealing 2nd base 2-4 1-0: SOLO HOME RUN (Flyball, 7D, EV 96.2 MPH), Distance : 378 ft
|
Batting: SHB Dan Crutchfield
|
0-0: Foul Ball, location: 2F 0-1: Ball 1-1: Called Strike 1-2: Foul Ball, location: 2F 1-2: Foul Ball, location: 2F 1-2: Ball 2-2: Foul Ball, location: 2F 2-2: Ball 3-2: Strikes out swinging
|
Batting: LHB Jeff Trapp
|
0-0: Called Strike 0-1: Called Strike 0-2: Foul Ball, location: 2F 0-2: Strikes out looking
|
Top of the 5th over - 1 run, 2 hits, 0 errors, 0 left on base; Connecticut 1 - Lowell 3 |
BOTTOM OF THE 5TH |
Lowell Spinners batting - Pitching for Connecticut Tigers : RHP Eddie Hodgson
|
Batting: RHB Nick Cottrell
|
0-0: Called Strike 0-1: Swinging Strike 0-2: Ball 1-2: Foul Ball, location: 2F 1-2: Ball 2-2: Foul Ball, location: 2F 2-2: Ground out 6-3 (Groundball, 6, EV 101.2 MPH)
|
Pitching: LHP Jayden Carey
|
|
Batting: RHB William Lung
|
0-0: Called Strike 0-1: Ground out 4-3 (Groundball, 4, EV 88.8 MPH)
|
Batting: LHB Nelis Geurts
|
0-0: Ball 1-0: Called Strike 1-1: Foul Ball, location: 2F 1-2: Ground out 5-3 (Groundball, 5L, EV 85.0 MPH)
|
Bottom of the 5th over - 0 runs, 0 hits, 0 errors, 0 left on base; Connecticut 1 - Lowell 3 |
TOP OF THE 6TH |
Connecticut Tigers batting - Pitching for Lowell Spinners : RHP Victor Escobar
|
Batting: RHB John Welch
|
0-0: Called Strike 0-1: Ball 1-1: Foul Ball, location: 2F 1-2: Ball 2-2: Ball 3-2: Foul Ball, location: 2F 3-2: Strikes out swinging
|
Batting: LHB Gabe Mendez
|
0-0: Foul Ball, location: 2F 0-1: Swinging Strike 0-2: Ground out 6-3 (Groundball, 4MD, EV 108.1 MPH)
|
Batting: RHB Eric Blaha
|
0-0: Swinging Strike 0-1: Foul Ball, location: 2F 0-2: Ball 1-2: Ground out 5-3 (Groundball, 56, EV 97.5 MPH)
|
Top of the 6th over - 0 runs, 0 hits, 0 errors, 0 left on base; Connecticut 1 - Lowell 3 |
BOTTOM OF THE 6TH |
Lowell Spinners batting - Pitching for Connecticut Tigers : LHP Jayden Carey
|
Batting: RHB Matt Hinkle
|
0-0: Called Strike 0-1: Foul Ball, location: 2F 0-2: Ball 1-2: Foul Ball, location: 2F 1-2: Strikes out looking
|
Batting: LHB Danny Montoya
|
0-0: Called Strike 0-1: SINGLE (Line Drive, 9S, EV 105.0 MPH)
|
Batting: RHB Billy Ratz
|
0-0: Called Strike 0-1: Ball 1-1: Ball 2-1: Foul Ball, location: 2F 2-2: Ball 3-2: Foul Ball, location: 2F 3-2: Foul Ball, location: 2F 3-2: Foul Ball, location: 2F 3-2: Strikes out swinging
|
Batting: RHB Ted Emmerich
|
0-0: Ball 1-0: TRIPLE (Line Drive, 89XD, EV 103.1 MPH) Danny Montoya scores
|
Batting: RHB Mike Strey
|
0-0: DOUBLE (Line Drive, 89D, EV 105.0 MPH) Ted Emmerich scores
|
Batting: RHB Erik Nunez
|
0-0: Ball 1-0: Called Strike 1-1: Called Strike 1-2: Ground out 5-3 (Groundball, 5S, EV 88.8 MPH)
|
Bottom of the 6th over - 2 runs, 3 hits, 0 errors, 1 left on base; Connecticut 1 - Lowell 5 |
TOP OF THE 7TH |
Connecticut Tigers batting - Pitching for Lowell Spinners : RHP Victor Escobar
|
Pitching: RHP Michel van Kampen
|
|
Batting: RHB Mike Sebastian
|
0-0: Called Strike 0-1: Ball 1-1: Ball 2-1: Fly out, F8 (Line Drive, 8LXD, EV 108.1 MPH)
|
Batting: RHB Rocky Hart
|
0-0: Called Strike 0-1: SINGLE (Groundball, 56S, EV 68.8 MPH) (infield hit)
|
Batting: RHB Jeremy Guidone
|
0-0: Called Strike Rocky Hart steals 2nd base 0-1: Called Strike 0-2: Foul Ball, location: 2F 0-2: Ball 1-2: Ball Wild Pitch! Rocky Hart to third 2-2: Ball 3-2: Strikes out swinging
|
Batting: RHB Brian Singer
|
0-0: DOUBLE (Line Drive, 78D, EV 111.9 MPH) Rocky Hart scores
|
Batting: SHB Dan Crutchfield
|
0-0: Foul Ball, location: 2F 0-1: Foul Ball, location: 2F 0-2: Ball 1-2: Foul Ball, location: 2F 1-2: Ball 2-2: Strikes out looking
|
Top of the 7th over - 1 run, 2 hits, 0 errors, 1 left on base; Connecticut 2 - Lowell 5 |
BOTTOM OF THE 7TH |
Lowell Spinners batting - Pitching for Connecticut Tigers : LHP Jayden Carey
|
Pitching: RHP David Esposito
|
|
Batting: RHB Nick Cottrell
|
0-0: Ball 1-0: Foul Ball, location: 2F 1-1: Ball 2-1: Ground out 3-1 (Groundball, 34, EV 100.0 MPH)
|
Batting: RHB William Lung
|
0-0: Ground out 5-3 (Groundball, 5, EV 108.1 MPH)
|
Batting: LHB Nelis Geurts
|
0-0: Swinging Strike 0-1: Called Strike 0-2: Foul Ball, location: 2F 0-2: Ground out 5-3 (Groundball, 56, EV 90.0 MPH)
|
Bottom of the 7th over - 0 runs, 0 hits, 0 errors, 0 left on base; Connecticut 2 - Lowell 5 |
TOP OF THE 8TH |
Connecticut Tigers batting - Pitching for Lowell Spinners : RHP Michel van Kampen
|
Pitching: LHP Israel Serrano
|
|
Batting: LHB Jeff Trapp
|
0-0: Called Strike 0-1: Ball 1-1: Ball 2-1: Ball 3-1: Base on Balls
|
Pitching: RHP Juan Mejia
|
|
Pinch Hitting: LHB Jon Frederick
|
0-0: Ball 1-0: Ball 2-0: Fielders Choice at 2nd, 4-6 (Groundball, 34, EV 84.4 MPH)
|
Batting: LHB Gabe Mendez
|
0-0: Ball 1-0: Foul Ball, location: 2F 1-1: Ball 2-1: Ball 3-1: Called Strike 3-2: SINGLE (Groundball, 4MD, EV 104.4 MPH) Jon Frederick to second
|
Batting: RHB Eric Blaha
|
0-0: Ball 1-0: Ball 2-0: Foul Ball, location: 2F 2-1: Foul Ball, location: 2F 2-2: Ball 3-2: Fielders Choice at 2nd, 5-4 (Groundball, 56, EV 91.9 MPH) Jon Frederick to third
|
Batting: RHB Mike Sebastian
|
0-0: Ball 1-0: Called Strike 1-1: Ball 2-1: Foul Ball, location: 2F 2-2: Foul Ball, location: 2F 2-2: Foul Ball, location: 2F 2-2: Strikes out swinging
|
Top of the 8th over - 0 runs, 1 hit, 0 errors, 2 left on base; Connecticut 2 - Lowell 5 |
BOTTOM OF THE 8TH |
Lowell Spinners batting - Pitching for Connecticut Tigers : RHP David Esposito
|
Now at 3B: Miguel Bojorquez
|
|
Batting: RHB Matt Hinkle
|
0-0: Called Strike 0-1: Hit by Pitch
|
Batting: LHB Danny Montoya
|
0-0: Called Strike 0-1: Ball 1-1: Ball 2-1: Foul Ball, location: 2F 2-2: Fly out, F7 (Flyball, 7LM, EV 73.1 MPH)
|
Batting: RHB Billy Ratz
|
0-0: Ball Matt Hinkle steals 2nd base 1-0: Called Strike 1-1: SINGLE (Line Drive, 9S, EV 111.2 MPH) Matt Hinkle to third Runner from 3rd tries for Home, SAFE, throw by RF to home Billy Ratz to second
|
Batting: RHB Ted Emmerich
|
0-0: Called Strike 0-1: Ball 1-1: Ground out U3 (Groundball, 13, EV 93.1 MPH) Billy Ratz to third
|
Batting: RHB Mike Strey
|
0-0: Ball 1-0: SINGLE (Groundball, 34D, EV 103.8 MPH) Billy Ratz scores
|
Batting: RHB Erik Nunez
|
0-0: Ground out 5-3 (Groundball, 56S, EV 83.1 MPH)
|
Bottom of the 8th over - 2 runs, 2 hits, 0 errors, 1 left on base; Connecticut 2 - Lowell 7 |
TOP OF THE 9TH |
Connecticut Tigers batting - Pitching for Lowell Spinners : RHP Juan Mejia
|
Batting: RHB Rocky Hart
|
0-0: Foul Ball, location: 2F 0-1: Swinging Strike 0-2: Strikes out swinging
|
Batting: RHB Jeremy Guidone
|
0-0: Called Strike 0-1: Ball 1-1: Fly out, F4 (Popup, 23, EV 95.0 MPH)
|
Batting: RHB Brian Singer
|
0-0: Ball 1-0: Fly out, F9 (Flyball, 9D, EV 84.4 MPH)
|
Top of the 9th over - 0 runs, 0 hits, 0 errors, 0 left on base; Connecticut 2 - Lowell 7 |
|